Map: [ESL] Cosmic Sapphire

Players

Probe

  • Race: Protoss Protoss
  • Spawn Location: 5:00

MeomaikA - Winner!

  • Race: Zerg Zerg
  • Spawn Location: 11:00

Event: DreamHack SC2 Masters 2022 Atlanta (Online)

VOD

Have the link to the VOD?

Description

Time

  • Played on: Sept. 29, 2022, 4:36 a.m.
  • Length: 15:29

All games in this series

Show
View Real Time Build Order
Export as new Build Order

Probe Protoss 

Build Orders: 1 Gate Expand, Oracle Opening 

Get SALT Encoding   

  12  0:00  Probe  
  13  0:16  Pylon  
  13  0:17  Probe  
  14  0:29  Probe (Chrono Boost)  
  15  0:37  Gateway  
  15  0:41  Probe (Chrono Boost)  
  16  0:46  Probe (Chrono Boost), Assimilator  
  17  0:56  Probe  
  18  1:08  Probe  
  19  1:20  Probe  
  20  1:27  Nexus  
  20  1:34  Cybernetics Core  
  20  1:36  Probe  
  21  1:44  Assimilator  
  21  1:49  Probe  
  21  1:52  Pylon  
  22  2:01  Probe (Chrono Boost)  
  23  2:10  Adept  
  23  2:13  Probe (Chrono Boost)  
  26  2:21  Probe (Chrono Boost)  
  26  2:22  Stargate  
  27  2:27  Probe (Chrono Boost)  
  28  2:34  Warp Gate  
  28  2:39  Probe (Chrono Boost)  
  28  2:40  Probe (Chrono Boost)  
  28  2:42  Adept  
  32  2:47  Probe (Chrono Boost)  
  32  2:48  Probe (Chrono Boost)  
  34  2:53  Probe x2 (Chrono Boost)  
  36  3:03  Oracle (Chrono Boost)  
  36  3:05  Probe x2  
  37  3:08  Pylon  
  41  3:17  Probe x2  
  43  3:29  Probe  
  43  3:30  Probe  
  43  3:33  Oracle  
  48  3:38  Nexus  
  48  3:41  Pylon  
  48  3:43  Probe x2  
  50  3:53  Twilight Council  
  50  3:55  Probe x2  
  52  3:56  Assimilator  
  52  4:07  Probe x2  
  52  4:08  Pylon  
  52  4:09  Forge  
  54  4:16  Gateway  
  54  4:17  Gateway  
  54  4:20  Gateway  
  54  4:26  Gateway, Blink (Chrono Boost)  
  54  4:28  Protoss Ground Weapons Level 1 (Chrono Boost)  
  54  4:29  Shield Battery  
  54  4:34  Probe  
  54  4:35  Probe  
  56  4:46  Probe  
  56  4:47  Probe  
  56  4:51  Photon Cannon  
  58  4:53  Probe  
  58  4:54  Pylon  
  58  4:58  Probe  
  58  4:59  Probe  
  61  5:05  Probe  
  62  5:10  Probe  
  62  5:11  Probe  
  62  5:13  Stalker x3  
  70  5:17  Probe  
  70  5:20  Photon Cannon  
  71  5:23  Probe, Photon Cannon  
  71  5:25  Shield Battery  
  72  5:31  Photon Cannon  
  72  5:32  Photon Cannon  
  72  5:33  Probe  
  72  5:34  Shield Battery, Probe  
  72  5:35  Probe  
  75  5:39  Stalker  
  77  5:45  Probe  
  78  5:56  Pylon x2  
  79  5:57  Shield Battery  
  79  6:01  Photon Cannon  
  79  6:02  Shield Battery, Stalker x3  
  84  6:08  Shield Battery, Pylon  
  84  6:11  Stalker  
  86  6:13  Stalker  
  88  6:22  Shield Battery, Photon Cannon  
  88  6:24  Robotics Facility  
  88  6:28  Stalker x3  
  94  6:34  Probe  
  94  6:36  Assimilator  
  94  6:37  Probe, Protoss Ground Weapons Level 2  
  94  6:39  Assimilator  
  96  6:41  Probe  
  97  6:48  Stalker x2  
  97  6:52  Stalker x2  
  97  6:53  Stalker  
  108  6:54  Probe  
  108  6:57  Probe  
  108  7:01  Probe  
  110  7:02  Pylon  
  110  7:03  Pylon  
  110  7:14  Observer  
  111  7:17  Stalker  
  111  7:19  Robotics Bay  
  113  7:27  Pylon  
  113  7:28  Nexus  
  113  7:29  Stalker x4  
  121  7:35  Pylon  
  121  7:43  Stalker  
  119  7:53  Stalker x4  
  126  8:01  Shield Battery  
  126  8:02  Shield Battery  
  114  8:06  Stalker  
  114  8:07  Disruptor  
  114  8:11  Gateway  
  103  8:14  Gateway  
  103  8:16  Stalker x3  
  103  8:17  Gateway  
  109  8:20  Shield Battery  
  109  8:23  Shield Battery  
  109  8:26  Zealot  
  107  8:33  Stalker  
  92  8:39  Stalker x3  
  88  8:41  Probe  
  88  8:43  Shield Battery  
  88  8:46  Shield Battery  
  88  8:47  Probe x3  
  85  8:52  Stalker  
  85  8:53  Probe  
  88  8:59  Probe x2  
  88  9:01  Pylon  
  88  9:02  Disruptor (Chrono Boost)  
  90  9:05  Probe  
  90  9:09  Shield Battery  
  94  9:11  Stalker  
  95  9:18  Stalker  
  95  9:19  Stalker x2  
  101  9:29  Photon Cannon x2  
  101  9:33  Photon Cannon  
  101  9:34  Stalker  
  101  9:36  Disruptor (Chrono Boost)  
  106  9:47  Stalker x3  
  109  9:59  Stalker x3  
  115  10:01  Probe x2  
  115  10:02  Probe  
  115  10:05  Protoss Ground Weapons Level 3 (Chrono Boost)  
  118  10:11  Disruptor  
  124  10:16  Observer  
  124  10:18  Gateway, Stalker  
  124  10:19  Stalker x2  
  126  10:48  Stalker x3  
  131  10:51  Pylon  
  131  10:52  Pylon  
  131  10:53  Pylon x2  
  131  10:54  Pylon x2  
  131  11:06  Pylon  
  131  11:09  Disruptor (Chrono Boost)  
  134  11:16  Charge (Chrono Boost)  
  134  11:17  Stalker x4  
  134  11:18  Stalker x2  
  146  11:24  Zealot  
  146  11:25  Zealot x2  
  152  11:40  Disruptor (Chrono Boost)  
  154  11:48  Stalker x3  
  154  11:54  Nexus  
  157  12:03  Stalker x5  
  167  12:10  Disruptor (Chrono Boost)  
  170  12:20  Stalker x2  
  170  12:21  Stalker  
  176  12:25  Pylon  
  176  12:30  Zealot x2  
  176  12:31  Zealot  
  182  12:38  Observer (Chrono Boost)  
  182  12:42  Stalker x3  
  188  12:56  Stalker  
  188  12:57  Stalker x3  
  196  13:10  Stalker x3  
  196  13:15  Pylon  
  196  13:16  Observer  
  197  13:31  Shield Battery  
  165  13:43  Stalker  
  165  13:44  Stalker x5  
  134  13:57  Disruptor  
  137  14:06  Stalker  
  139  14:13  Nexus  
  139  14:19  Pylon  
  139  14:27  Stalker x2  
  139  14:31  Probe x2  
  145  14:33  Disruptor  
  139  14:59  Stalker  
  96  15:00  Stalker x5  
Show
View Real Time Build Order
Export as new Build Order

MeomaikA Zerg - Winner!

Build Orders: Hatch First 

Get SALT Encoding   

  12  0:00  Drone  
  13  0:12  Overlord  
  13  0:20  Drone, Extractor  
  13  0:23  Drone  
  15  0:31  Drone  
  16  0:39  Drone  
  17  0:54  Hatchery  
  17  0:56  Drone  
  17  1:00  Drone  
  18  1:10  Extractor  
  17  1:13  Spawning Pool  
  17  1:16  Drone  
  17  1:19  Drone  
  18  1:28  Drone  
  19  1:38  Overlord  
  19  1:50  Drone  
  20  1:59  Queen  
  20  2:00  Drone  
  23  2:06  Queen, Drone  
  26  2:11  Metabolic Boost, Drone  
  27  2:17  Drone  
  27  2:22  Drone  
  29  2:28  Drone  
  30  2:41  Drone, Hatchery  
  30  2:42  Drone  
  31  2:45  Drone  
  31  2:49  Overlord  
  32  2:56  Queen  
  34  3:03  Queen  
  36  3:08  Drone x2  
  36  3:11  Drone  
  36  3:12  Drone  
  40  3:14  Drone  
  40  3:16  Drone  
  40  3:18  Drone  
  43  3:21  Drone  
  43  3:25  Spore Crawler  
  43  3:26  Drone  
  44  3:29  Spore Crawler  
  44  3:31  Drone  
  44  3:35  Overlord  
  44  3:42  Lair  
  44  3:46  Overlord  
  44  3:50  Extractor  
  44  3:51  Drone x2, Extractor  
  44  3:52  Overlord  
  44  3:55  Drone  
  45  3:56  Drone  
  45  4:00  Drone x2  
  45  4:01  Drone  
  49  4:03  Drone  
  49  4:06  Drone  
  49  4:07  Drone  
  52  4:11  Zergling x4  
  52  4:12  Zergling x2  
  52  4:15  Zergling x2  
  52  4:16  Evolution Chamber  
  55  4:22  Drone x2  
  55  4:23  Spore Crawler  
  56  4:26  Drone x2  
  56  4:27  Drone  
  56  4:30  Drone  
  56  4:31  Drone  
  61  4:35  Drone x3  
  61  4:41  Drone x2  
  63  4:47  Hydralisk Den, Drone x2  
  63  4:49  Drone  
  63  4:52  Drone x2  
  67  4:59  Zerg Melee Weapons Level 1  
  67  5:01  Zergling x6  
  67  5:02  Overlord  
  67  5:05  Overlord  
  67  5:16  Hydralisk x2, Overlord  
  67  5:17  Muscular Augments, Hydralisk  
  67  5:19  Zergling x2  
  67  5:20  Zergling x2  
  75  5:22  Zergling x2  
  75  5:26  Drone x4  
  80  5:28  Hydralisk  
  80  5:30  Hydralisk  
  84  5:36  Drone x2  
  84  5:37  Baneling Nest  
  84  5:38  Hydralisk  
  84  5:41  Hydralisk  
  89  5:43  Overlord  
  89  5:45  Zergling x2  
  89  5:47  Zergling x2  
  89  5:49  Hydralisk  
  91  5:51  Hydralisk  
  91  5:54  Hydralisk  
  91  5:56  Overlord  
  95  5:57  Zergling x2  
  95  6:02  Hydralisk x2  
  95  6:03  Zergling x2  
  95  6:04  Zergling x2  
  102  6:06  Zergling x4  
  102  6:07  Zergling x2  
  102  6:09  Overlord  
  105  6:12  Overlord  
  105  6:13  Overlord  
  105  6:17  Hydralisk  
  108  6:18  Zergling x4  
  108  6:23  Zergling x6  
  112  6:28  Zergling x4  
  112  6:29  Grooved Spines, Hydralisk  
  116  6:36  Zergling x2  
  116  6:38  Zergling x2  
  118  6:40  Zergling x2  
  118  6:42  Hatchery  
  118  6:44  Zergling x6  
  118  6:45  Zergling x6  
  125  6:47  Zergling x2  
  125  6:48  Zergling x2  
  125  6:52  Zergling x2  
  125  6:53  Zergling x4, Overlord  
  129  6:55  Zerg Missile Weapons Level 1  
  129  7:00  Zergling x2  
  130  7:02  Zergling x2  
  130  7:03  Zergling x2  
  132  7:09  Queen  
  132  7:13  Zergling x2  
  132  7:14  Zergling x14  
  142  7:17  Zergling x2  
  142  7:20  Zergling x6  
  142  7:22  Zergling x2  
  146  7:25  Overlord  
  146  7:31  Baneling  
  146  7:32  Baneling x17  
  146  7:33  Overlord  
  146  7:40  Zergling x2  
  146  7:43  Zergling x2  
  146  7:44  Zergling x6  
  147  7:45  Zergling x2  
  147  7:46  Zergling x6  
  147  7:47  Zergling x4  
  147  7:48  Zergling x2  
  147  7:49  Zergling x2  
  147  7:50  Zergling x4  
  150  7:56  Zergling x2  
  150  7:57  Zergling x2  
  146  8:01  Zergling x2  
  146  8:04  Zergling x2  
  127  8:07  Zergling x2  
  127  8:08  Zergling x2  
  127  8:10  Zergling x2  
  127  8:11  Zergling x2  
  118  8:16  Zergling x2  
  118  8:17  Zergling x2  
  118  8:18  Zergling x6  
  121  8:21  Zergling x2  
  121  8:22  Zergling x2  
  117  8:29  Zergling x2  
  117  8:30  Zergling x4  
  117  8:31  Zergling x4  
  117  8:32  Zergling x2  
  118  8:37  Zergling x2  
  118  8:38  Zergling x2  
  118  8:39  Hydralisk  
  112  8:42  Hydralisk  
  112  8:45  Hydralisk x3  
  112  8:47  Zergling x2  
  115  8:48  Zergling x2  
  115  8:50  Zergling x2  
  115  8:51  Zergling x4  
  115  8:52  Zergling x2  
  115  8:53  Zerg Missile Weapons Level 2  
  115  8:55  Hydralisk  
  122  9:01  Hydralisk x3  
  128  9:06  Hydralisk  
  130  9:10  Zergling x4  
  130  9:11  Zergling x4  
  130  9:13  Zergling x2  
  130  9:14  Zergling x4  
  130  9:15  Zergling x2  
  130  9:16  Zergling x6  
  141  9:18  Zergling x2  
  141  9:20  Zergling x4  
  141  9:21  Zergling x2  
  145  9:24  Zergling x2  
  145  9:25  Zergling x2  
  145  9:26  Zergling x2  
  145  9:28  Baneling x12  
  145  9:29  Zergling x2  
  149  9:34  Zergling x4  
  149  9:36  Zergling x2  
  149  9:37  Overseer  
  152  9:40  Zergling x4  
  152  9:41  Zergling x2  
  152  9:42  Zergling x8  
  152  9:43  Zergling x2  
  152  9:44  Zergling x4  
  152  9:45  Zergling x2  
  159  9:47  Zergling x4  
  159  9:48  Zergling x4  
  159  9:49  Zergling x2  
  159  9:52  Zergling x2  
  164  9:58  Zergling x2  
  164  9:59  Zergling x4  
  159  10:02  Zergling x2  
  159  10:06  Zergling x2  
  157  10:09  Zergling x6  
  157  10:10  Zergling x2  
  157  10:11  Drone x4  
  157  10:13  Drone x3  
  165  10:17  Zergling x4, Infestation Pit  
  165  10:18  Zergling x2  
  167  10:22  Overlord  
  167  10:25  Spore Crawler  
  167  10:26  Zergling x2, Spine Crawler  
  166  10:30  Hatchery  
  166  10:34  Zergling x4  
  165  10:52  Overlord  
  165  10:54  Drone x11, Hive  
  176  10:57  Overlord x5  
  176  11:09  Zerg Melee Weapons Level 2  
  174  11:18  Zergling x28  
  188  11:22  Zergling x2  
  188  11:24  Zergling x2  
  188  11:25  Zergling x4  
  192  11:32  Zergling x6  
  190  12:01  Zergling x34  
  191  12:10  Zergling x12  
  191  12:11  Hydralisk  
  191  12:13  Adrenal Glands  
  191  12:14  Zergling x2  
  199  12:29  Hatchery  
  195  12:48  Viper  
  198  12:59  Spore Crawler, Spine Crawler x2  
  198  13:00  Drone x2  
  198  13:01  Drone x6, Spine Crawler  
  195  13:12  Drone  
  195  13:13  Drone x4  
  195  13:19  Zergling x2  
  181  13:38  Zergling x72  
  181  13:39  Zergling x6  
  177  13:42  Zergling x2  
  177  13:43  Zergling x4  
  177  13:46  Zergling x4  
  177  13:47  Zergling x4  
  157  13:49  Hydralisk  
  157  13:52  Hydralisk  
  157  13:53  Hydralisk  
  157  13:54  Hydralisk x3  
  157  13:55  Hydralisk  
  146  13:56  Hydralisk x3  
  146  13:57  Queen  
  146  13:59  Hydralisk x2  
  146  14:00  Zergling x2  
  146  14:01  Hydralisk x4  
  165  14:03  Zergling x2  
  165  14:05  Hydralisk x4  
  165  14:07  Zergling x4  
  176  14:10  Zergling x2  
  176  14:12  Zergling x2  
  176  14:13  Zergling x2  
  176  14:14  Hydralisk  
  176  14:15  Hydralisk x2  
  176  14:16  Hydralisk  
  187  14:17  Hydralisk  
  187  14:19  Zergling x2  
  187  14:21  Zergling x2  
  187  14:24  Zergling x10  
  194  14:28  Zergling x2  
  194  14:29  Zergling x6  
  198  14:50  Zergling x4  
  198  14:51  Zergling x6  
  175  14:53  Zergling x2  
  175  14:54  Zergling x2  
  175  14:55  Zergling x8  
  175  14:56  Zergling x16  
  175  14:57  Zergling x6  
  175  14:58  Zergling x4  
  175  14:59  Zergling x2  
  179  15:03  Zergling x6, Drone  
  179  15:04  Zergling x2  
  179  15:05  Zergling x2  
  180  15:08  Zergling x2  
  180  15:10  Zergling x4  
Tags
 
Add a new tag
Caveats
  • Supply blocks, unpowered buildings, or Contaminate may cause inaccurate times.
  • Supply counts are checked every 10 seconds.